[ AOE2 MATCH · #477996520 ]
Team RMMalay vs Chinese
[ REPLAY ANALYSIS · EXTRACTED FROM THE RECORDED GAME ]
Feudal
—
Castle
—
Imperial
—
| APM avg | 10.7 |
| APM peak | 31 |
| eAPM avg | 6.4 |
| Villagers / military | 49 / 68 |
Focus
⚔️ 21.0% · 🌾 79.0%
Karambit Warrior ×66 · Transport Ship ×2
Feudal
—
Castle
—
Imperial
—
| APM avg | 23.4 |
| APM peak | 105 |
| eAPM avg | 12.4 |
| Villagers / military | 83 / 57 |
Focus
⚔️ 31.9% · 🌾 68.1%
Trade Cog ×46 · Demolition Raft ×37 · Fishing Ship ×10 · Fire Galley ×7 · Genitour ×5 · Camel Scout ×4
Feudal
—
Castle
—
Imperial
—
| APM avg | 9.1 |
| APM peak | 38 |
| eAPM avg | 4.2 |
| Villagers / military | 21 / 31 |
Focus
⚔️ 39.4% · 🌾 60.6%
Fire Lancer ×10 · Spearman ×9 · Militia ×5 · Skirmisher ×4 · Archer ×3
Feudal
—
Castle
—
Imperial
—
| APM avg | 27.3 |
| APM peak | 200 |
| eAPM avg | 22.7 |
| Villagers / military | 89 / 77 |
Focus
⚔️ 16.1% · 🌾 83.9%
Militia ×61 · Trade Cog ×13 · Battering Ram ×9 · Demolition Raft ×7
Feudal
—
Castle
—
Imperial
—
| APM avg | 19.8 |
| APM peak | 60 |
| eAPM avg | 9.4 |
| Villagers / military | 65 / 35 |
Focus
⚔️ 21.5% · 🌾 78.5%
Archer ×17 · Fishing Ship ×13 · Galley ×7 · Militia ×6 · Rattan Archer ×5
Feudal
—
Castle
—
Imperial
—
| APM avg | 19.5 |
| APM peak | 78 |
| eAPM avg | 17.2 |
| Villagers / military | 51 / 24 |
Focus
⚔️ 6.3% · 🌾 93.7%
Militia ×8 · Knight ×7 · Galley ×4 · Fishing Ship ×2 · Transport Ship ×2 · Battering Ram ×2
Feudal
—
Castle
—
Imperial
—
| APM avg | 15.8 |
| APM peak | 53 |
| eAPM avg | 8.2 |
| Villagers / military | 51 / 64 |
Focus
⚔️ 29.3% · 🌾 70.7%
Fire Galley ×51 · Fishing Ship ×13 · Unknown (2626) ×8 · Galley ×7 · Caravel ×5 · Transport Ship ×1
Feudal
—
Castle
—
Imperial
—
| APM avg | 1.3 |
| APM peak | 68 |
| eAPM avg | 1.3 |
| Villagers / military | 0 / 0 |
Match map
Initial resources + every placement click. Lines = walls · curves = elevation contours. ◆ gold · ⬟ stone · ● berries · ✦ relic · ◌ wall gap
Your base· ✓ Map-separated
ッ's base· ✓ Map-separated
HollowNyx's base· ✓ Map-separated
Ziggyman321's base· ✓ Map-separated
Raya Loka's base· ✓ Map-separated
Aaron MMIV's base· ✓ Map-separated
@_gatilho's base· ✓ Map-separated
再染006's base· ✓ Map-separated
Smoothed initial terrain · ◌ = detected wall gap · hover for details
Inputs per minute
— Lukrat - - ッ
Build order — Lukrat
First 150 of 168 actions detected
| 0:13 | Build | House |
| 0:14 | Build | House |
| 0:16 | Build | House |
| 0:18 | Build | House |
| 0:29 | Create | Villager (Male) ×4 |
| 0:29 | Research | Loom |
| 2:05 | Create | Villager (Male) |
| 2:09 | Research | Loom |
| 3:36 | Create | Villager (Male) |
| 3:36 | Create | Villager (Male) |
| 3:36 | Create | Villager (Male) |
| 3:37 | Create | Villager (Male) |
| 4:52 | Create | Villager (Male) |
| 6:15 | Create | Villager (Male) |
| 6:15 | Create | Villager (Male) |
| 6:15 | Create | Villager (Male) |
| 6:15 | Create | Villager (Male) |
| 6:15 | Create | Villager (Male) |
| 6:16 | Create | Villager (Male) |
| 6:16 | Create | Villager (Male) |
| 7:23 | Build | House |
| 7:32 | Build | Barracks |
| 8:27 | Create | Villager (Male) |
| 8:27 | Create | Villager (Male) |
| 8:27 | Create | Villager (Male) |
| 8:59 | Build | House |
| 9:24 | Build | Mining Camp |
| 10:13 | Research | Feudal Age |
| 10:23 | Build | Mill |
| 11:34 | Research | Wheelbarrow |
| 11:42 | Build | Lumber Camp |
| 12:41 | Build | Watch Tower |
| 12:57 | Create | Villager (Male) |
| 12:57 | Create | Villager (Male) |
| 12:58 | Create | Villager (Male) |
| 12:58 | Create | Villager (Male) |
| 13:56 | Create | Villager (Male) |
| 14:10 | Build | Mill |
| 14:38 | Build | Archery Range |
| 14:57 | Create | Villager (Male) |
| 14:57 | Create | Villager (Male) |
| 14:58 | Create | Villager (Male) |
| 14:58 | Create | Villager (Male) |
| 14:59 | Create | Villager (Male) |
| 16:27 | Build | Mill |
| 18:01 | Create | Villager (Male) |
| 18:01 | Create | Villager (Male) |
| 18:02 | Create | Villager (Male) |
| 19:04 | Build | Mining Camp |
| 19:08 | Create | Villager (Male) |
| 19:09 | Create | Villager (Male) |
| 19:26 | Research | Double-Bit Axe |
| 19:39 | Build | House |
| 19:50 | Build | House |
| 20:56 | Build | House |
| 20:59 | Create | Villager (Male) |
| 21:00 | Create | Villager (Male) |
| 21:00 | Create | Villager (Male) |
| 21:00 | Create | Villager (Male) |
| 21:01 | Create | Villager (Male) |
| 21:29 | Build | House |
| 22:53 | Build | Farm |
| 22:53 | Build | Farm |
| 22:54 | Build | Farm |
| 22:54 | Build | Farm |
| 22:59 | Research | Horse Collar |
| 23:01 | Research | Gold Mining |
| 23:02 | Research | Stone Mining |
| 23:14 | Build | Blacksmith |
| 23:23 | Build | Market |
| 23:38 | Create | Villager (Male) |
| 24:45 | Research | Castle Age |
| 25:01 | Build | House |
| 25:03 | Build | House |
| 25:05 | Build | House |
| 25:06 | Build | House |
| 25:07 | Build | House |
| 25:10 | Build | House |
| 25:11 | Build | House |
| 25:13 | Build | House |
| 25:14 | Build | House |
| 25:16 | Build | House |
| 25:17 | Build | House |
| 25:18 | Build | House |
| 25:21 | Build | House |
| 25:25 | Build | House |
| 25:26 | Build | House |
| 25:27 | Build | House |
| 25:29 | Build | House |
| 25:31 | Build | House |
| 25:33 | Build | House |
| 25:35 | Build | House |
| 25:38 | Build | House |
| 25:39 | Build | House |
| 25:40 | Build | House |
| 25:42 | Build | House |
| 25:53 | Build | Farm |
| 25:53 | Build | Farm |
| 25:54 | Build | Farm |
| 25:55 | Build | Farm |
| 25:56 | Build | Farm |
| 25:56 | Build | Farm |
| 26:54 | Research | Hand Cart |
| 26:59 | Research | Heavy Plow |
| 27:06 | Research | Bow Saw |
| 27:44 | Research | Gold Shaft Mining |
| 28:50 | Build | Dock |
| 29:07 | Create | Villager (Male) |
| 29:08 | Create | Villager (Male) |
| 29:08 | Create | Villager (Male) |
| 29:08 | Create | Villager (Male) |
| 29:10 | Create | Villager (Male) |
| 29:43 | Build | Farm |
| 29:44 | Build | Farm |
| 29:44 | Build | Farm |
| 29:45 | Build | Farm |
| 29:45 | Build | Farm |
| 29:55 | Build | Farm |
| 30:33 | Build | Castle |
| 30:42 | Research | Fletching |
| 30:48 | Build | Farm |
| 30:51 | Build | Farm |
| 30:55 | Build | Farm |
| 31:12 | Research | Bodkin Arrow |
| 31:20 | Build | Farm |
| 31:33 | Build | University |
| 32:18 | Build | Castle |
| 32:37 | Research | Murder Holes |
| 33:19 | Build | Town Center |
| 33:44 | Create | Karambit Warrior ×5 |
| 33:45 | Create | Karambit Warrior ×5 |
| 33:45 | Create | Karambit Warrior ×5 |
| 33:45 | Create | Karambit Warrior ×5 |
| 33:45 | Create | Karambit Warrior ×5 |
| 33:46 | Create | Karambit Warrior ×5 |
| 33:46 | Create | Karambit Warrior ×5 |
| 34:18 | Build | House |
| 34:47 | Build | Farm |
| 34:48 | Build | Farm |
| 34:51 | Create | Villager (Male) |
| 34:51 | Create | Villager (Male) |
| 34:51 | Create | Villager (Male) |
| 34:55 | Research | Imperial Age |
| 35:16 | Research | Masonry |
| 35:24 | Build | Farm |
| 35:35 | Build | Farm |
| 35:45 | Build | Farm |
| 36:28 | Create | Karambit Warrior ×5 |
| 36:29 | Create | Karambit Warrior ×5 |
| 36:29 | Create | Karambit Warrior ×5 |
Build order — ッ
First 150 of 275 actions detected
| 0:02 | Create | Villager (Male) ×4 |
| 1:27 | Build | House |
| 1:43 | Create | Villager (Male) |
| 2:07 | Build | Dock |
| 2:14 | Create | Villager (Male) |
| 2:35 | Create | Villager (Male) |
| 3:03 | Create | Villager (Male) |
| 3:28 | Create | Villager (Male) ×2 |
| 3:38 | Build | House |
| 4:00 | Create | Villager (Male) ×2 |
| 4:16 | Build | House |
| 5:12 | Build | Lumber Camp |
| 5:28 | Create | Villager (Male) ×2 |
| 5:30 | Create | Villager (Male) |
| 5:50 | Create | Villager (Male) |
| 6:11 | Create | Villager (Male) ×3 |
| 6:34 | Create | Fishing Ship |
| 7:37 | Build | House |
| 8:08 | Create | Villager (Male) |
| 8:20 | Create | Fishing Ship |
| 8:20 | Create | Fishing Ship |
| 8:31 | Build | Lumber Camp |
| 8:47 | Create | Villager (Male) ×5 |
| 9:36 | Create | Fishing Ship |
| 9:45 | Build | House |
| 10:06 | Research | Loom |
| 10:22 | Build | Dock |
| 10:28 | Research | Feudal Age |
| 10:31 | Create | Fishing Ship |
| 10:32 | Create | Fishing Ship |
| 10:53 | Create | Fishing Ship |
| 10:54 | Create | Fishing Ship |
| 11:48 | Create | Fishing Ship |
| 11:49 | Create | Fishing Ship |
| 12:04 | Build | House |
| 12:36 | Create | Villager (Male) |
| 12:47 | Build | Mining Camp |
| 12:52 | Create | Villager (Male) |
| 13:03 | Create | Villager (Male) |
| 13:30 | Research | Town Watch |
| 13:31 | Research | Wheelbarrow |
| 14:00 | Build | Outpost |
| 14:07 | Build | House |
| 15:07 | Build | Outpost |
| 15:33 | Build | Mill |
| 15:46 | Create | Villager (Male) |
| 16:10 | Build | Market |
| 16:14 | Create | Villager (Male) |
| 16:23 | Build | Blacksmith |
| 16:35 | Build | Mining Camp |
| 16:41 | Create | Villager (Male) |
| 17:11 | Create | Villager (Male) |
| 17:20 | Research | Castle Age |
| 17:26 | Build | House |
| 17:58 | Research | Stone Mining |
| 18:11 | Research | Tech 906 |
| 18:14 | Create | Demolition Raft |
| 18:14 | Create | Demolition Raft |
| 18:16 | Create | Fire Galley |
| 18:16 | Create | Fire Galley |
| 18:16 | Create | Fire Galley |
| 18:37 | Build | Outpost |
| 20:05 | Build | Lumber Camp |
| 20:15 | Build | Outpost |
| 20:24 | Create | Villager (Male) |
| 20:28 | Research | Double-Bit Axe |
| 20:34 | Research | Stone Shaft Mining |
| 20:36 | Research | Gold Mining |
| 20:49 | Build | Town Center |
| 21:40 | Build | Outpost |
| 22:32 | Research | Tech 905 |
| 22:33 | Research | War Galley (upgrade) |
| 22:34 | Create | Demolition Raft |
| 22:34 | Create | Demolition Raft |
| 22:35 | Create | Demolition Raft |
| 22:59 | Build | Barracks |
| 23:12 | Create | Demolition Raft ×2 |
| 23:18 | Create | Villager (Male) |
| 23:24 | Build | Monastery |
| 23:34 | Build | Town Center |
| 23:41 | Research | Gold Shaft Mining |
| 23:47 | Create | Villager (Male) |
| 24:08 | Build | House |
| 24:09 | Build | House |
| 24:09 | Build | House |
| 24:10 | Build | House |
| 24:10 | Build | House |
| 24:10 | Build | House |
| 24:11 | Build | House |
| 24:11 | Build | House |
| 24:11 | Build | House |
| 24:11 | Build | House |
| 24:20 | Create | Villager (Male) |
| 24:20 | Create | Villager (Male) |
| 24:22 | Create | Villager (Male) |
| 24:22 | Create | Villager (Male) |
| 25:01 | Create | Monk |
| 25:17 | Create | Demolition Raft |
| 25:17 | Create | Demolition Raft |
| 25:23 | Create | Unit 2626 |
| 25:23 | Create | Unit 2626 |
| 25:39 | Build | Archery Range |
| 25:57 | Research | Horse Collar |
| 26:18 | Research | Heavy Plow |
| 26:20 | Research | Bow Saw |
| 26:23 | Create | Villager (Male) |
| 26:23 | Create | Villager (Male) |
| 26:23 | Create | Villager (Male) |
| 26:24 | Create | Villager (Male) |
| 26:25 | Create | Villager (Male) |
| 26:25 | Create | Villager (Male) |
| 26:36 | Build | Town Center |
| 27:36 | Create | Genitour ×5 |
| 27:45 | Build | Stable |
| 27:53 | Create | Villager (Male) |
| 28:04 | Build | Farm |
| 28:04 | Build | Farm |
| 28:04 | Build | Farm |
| 28:05 | Build | Farm |
| 28:05 | Build | Farm |
| 28:05 | Build | Farm |
| 28:13 | Build | Farm |
| 28:18 | Build | Farm |
| 29:14 | Create | Villager (Male) |
| 29:14 | Create | Villager (Male) |
| 29:15 | Create | Villager (Male) |
| 29:15 | Create | Villager (Male) |
| 29:15 | Create | Villager (Male) |
| 29:15 | Create | Villager (Male) |
| 29:24 | Research | Gillnets |
| 29:25 | Create | Demolition Raft |
| 29:25 | Create | Demolition Raft |
| 29:48 | Build | Dock |
| 29:52 | Build | Dock |
| 30:00 | Create | Camel Scout |
| 30:00 | Create | Camel Scout |
| 30:00 | Create | Camel Scout |
| 30:01 | Create | Camel Scout |
| 30:22 | Research | Fletching |
| 30:22 | Research | Padded Archer Armor |
| 31:01 | Create | Demolition Raft |
| 31:01 | Create | Demolition Raft |
| 31:01 | Create | Demolition Raft |
| 31:43 | Build | Monastery |
| 31:52 | Build | Monastery |
| 31:59 | Build | Siege Workshop |
| 32:08 | Create | Villager (Male) |
| 32:09 | Create | Villager (Male) |
| 32:09 | Create | Villager (Male) |
| 32:09 | Create | Villager (Male) |
Build order — HollowNyx
87 actions detected in the replay
| 2:02 | Build | House |
| 2:04 | Build | House |
| 2:06 | Build | House |
| 4:23 | Create | Villager (Male) |
| 4:24 | Create | Villager (Male) |
| 4:24 | Create | Villager (Male) |
| 6:42 | Build | Dock |
| 8:40 | Build | Mill |
| 10:09 | Create | Villager (Male) |
| 10:09 | Create | Villager (Male) |
| 10:09 | Create | Villager (Male) |
| 10:10 | Create | Villager (Male) |
| 10:20 | Build | Lumber Camp |
| 14:11 | Build | Barracks |
| 15:08 | Create | Militia |
| 15:08 | Create | Militia |
| 15:08 | Create | Militia |
| 15:08 | Create | Militia |
| 15:09 | Create | Militia |
| 15:58 | Create | Villager (Male) |
| 15:58 | Create | Villager (Male) |
| 15:58 | Create | Villager (Male) |
| 18:36 | Build | Lumber Camp |
| 19:03 | Build | Farm |
| 19:03 | Build | Farm |
| 19:04 | Build | Farm |
| 19:04 | Build | Farm |
| 19:04 | Build | Farm |
| 19:05 | Build | Farm |
| 19:54 | Build | Farm |
| 20:01 | Build | Farm |
| 20:02 | Build | Farm |
| 20:04 | Build | Farm |
| 23:10 | Build | Lumber Camp |
| 23:46 | Research | Feudal Age |
| 25:59 | Build | Farm |
| 26:01 | Build | Farm |
| 26:18 | Build | Archery Range |
| 26:37 | Create | Villager (Male) |
| 26:38 | Create | Villager (Male) |
| 26:38 | Create | Villager (Male) |
| 26:39 | Create | Villager (Male) |
| 26:39 | Create | Villager (Male) |
| 27:38 | Create | Skirmisher |
| 27:38 | Create | Skirmisher |
| 27:39 | Create | Skirmisher |
| 27:39 | Create | Skirmisher |
| 29:03 | Create | Archer |
| 29:45 | Create | Archer |
| 29:46 | Create | Archer |
| 29:54 | Create | Spearman |
| 29:54 | Create | Spearman |
| 29:55 | Create | Spearman |
| 30:13 | Build | Mining Camp |
| 30:51 | Create | Villager (Male) |
| 30:51 | Create | Villager (Male) |
| 30:51 | Create | Villager (Male) |
| 30:51 | Create | Villager (Male) |
| 30:52 | Create | Villager (Male) |
| 30:52 | Create | Villager (Male) |
| 32:12 | Build | House |
| 32:46 | Build | Farm |
| 33:14 | Build | Farm |
| 34:29 | Build | Farm |
| 34:34 | Build | Farm |
| 34:38 | Build | Farm |
| 34:57 | Build | Farm |
| 36:21 | Build | Blacksmith |
| 36:56 | Build | Market |
| 38:24 | Research | Castle Age |
| 40:51 | Create | Spearman |
| 40:51 | Create | Spearman |
| 40:52 | Create | Spearman |
| 41:43 | Build | Castle |
| 43:10 | Create | Spearman |
| 43:10 | Create | Spearman |
| 43:10 | Create | Spearman |
| 43:17 | Create | Fire Lancer |
| 43:17 | Create | Fire Lancer |
| 43:17 | Create | Fire Lancer |
| 43:18 | Create | Fire Lancer |
| 43:18 | Create | Fire Lancer |
| 43:18 | Create | Fire Lancer |
| 43:19 | Create | Fire Lancer |
| 43:19 | Create | Fire Lancer |
| 43:19 | Create | Fire Lancer |
| 43:19 | Create | Fire Lancer |
Build order — Ziggyman321
First 150 of 277 actions detected
| 0:02 | Create | Villager (Male) |
| 0:02 | Create | Villager (Male) |
| 0:03 | Create | Villager (Male) |
| 0:03 | Create | Villager (Male) |
| 0:03 | Create | Villager (Male) |
| 0:06 | Build | House |
| 0:08 | Build | House |
| 2:24 | Create | Villager (Male) |
| 3:12 | Create | Villager (Male) |
| 3:12 | Create | Villager (Male) |
| 3:24 | Build | House |
| 3:26 | Build | House |
| 3:40 | Create | Villager (Male) |
| 3:40 | Create | Villager (Male) |
| 3:41 | Create | Villager (Male) |
| 3:41 | Create | Villager (Male) |
| 3:41 | Create | Villager (Male) |
| 3:42 | Create | Villager (Male) |
| 4:02 | Build | Lumber Camp |
| 5:10 | Create | Villager (Male) ×4 |
| 5:11 | Create | Villager (Male) |
| 6:18 | Create | Villager (Male) ×3 |
| 6:18 | Create | Villager (Male) |
| 6:58 | Create | Villager (Male) ×2 |
| 6:58 | Create | Villager (Male) |
| 8:01 | Build | Mill |
| 8:34 | Create | Villager (Male) |
| 10:00 | Research | Loom |
| 10:29 | Create | Villager (Male) |
| 10:43 | Create | Villager (Male) |
| 11:28 | Create | Villager (Male) ×7 |
| 11:28 | Create | Villager (Male) |
| 12:52 | Research | Feudal Age |
| 13:31 | Build | Farm |
| 13:31 | Build | Farm |
| 13:32 | Build | Farm |
| 13:32 | Build | Farm |
| 13:32 | Build | Farm |
| 13:32 | Build | Farm |
| 13:33 | Build | Farm |
| 13:33 | Build | Farm |
| 13:56 | Build | Barracks |
| 14:09 | Build | Mining Camp |
| 14:39 | Create | Militia ×2 |
| 14:39 | Create | Militia |
| 14:46 | Build | House |
| 14:48 | Build | House |
| 15:21 | Build | Farm |
| 15:21 | Build | Farm |
| 15:21 | Build | Farm |
| 15:21 | Build | Farm |
| 15:22 | Build | Farm |
| 15:22 | Build | Farm |
| 15:35 | Create | Villager (Male) |
| 15:36 | Create | Villager (Male) |
| 15:36 | Create | Villager (Male) |
| 15:40 | Create | Militia ×3 |
| 15:40 | Create | Militia |
| 15:43 | Create | Militia ×4 |
| 15:43 | Create | Militia |
| 16:02 | Build | Watch Tower |
| 16:10 | Create | Militia |
| 16:36 | Build | Blacksmith |
| 17:21 | Research | Forging |
| 17:22 | Research | Scale Mail Armor |
| 17:22 | Research | Scale Mail Armor |
| 17:37 | Create | Militia ×2 |
| 17:37 | Create | Militia |
| 17:54 | Build | Lumber Camp |
| 18:14 | Build | House |
| 18:23 | Build | House |
| 18:24 | Build | House |
| 19:13 | Create | Militia ×5 |
| 19:13 | Create | Militia |
| 19:18 | Research | Arson |
| 19:19 | Create | Militia ×5 |
| 19:35 | Build | House |
| 19:36 | Build | House |
| 19:37 | Build | House |
| 19:53 | Build | Market |
| 20:07 | Build | Farm |
| 20:07 | Build | Farm |
| 20:07 | Build | Farm |
| 20:07 | Build | Farm |
| 20:07 | Build | Farm |
| 20:07 | Build | Farm |
| 20:07 | Build | Farm |
| 20:07 | Build | Farm |
| 20:07 | Build | Farm |
| 20:07 | Build | Farm |
| 20:07 | Build | Farm |
| 20:07 | Build | Farm |
| 20:10 | Build | Farm |
| 20:10 | Build | Farm |
| 20:10 | Build | Farm |
| 20:10 | Build | Farm |
| 20:10 | Build | Farm |
| 20:10 | Build | Farm |
| 20:10 | Build | Farm |
| 20:10 | Build | Farm |
| 20:10 | Build | Farm |
| 20:10 | Build | Farm |
| 20:10 | Build | Farm |
| 20:10 | Build | Farm |
| 20:10 | Build | Farm |
| 20:10 | Build | Farm |
| 20:10 | Build | Farm |
| 20:10 | Build | Farm |
| 20:23 | Build | Farm |
| 20:23 | Build | Farm |
| 20:23 | Build | Farm |
| 20:23 | Build | Farm |
| 20:23 | Build | Farm |
| 20:23 | Build | Farm |
| 20:23 | Build | Farm |
| 20:23 | Build | Farm |
| 20:23 | Build | Farm |
| 20:23 | Build | Farm |
| 20:23 | Build | Farm |
| 20:46 | Build | Farm |
| 20:46 | Build | Farm |
| 20:46 | Build | Farm |
| 20:46 | Build | Farm |
| 20:46 | Build | Farm |
| 20:46 | Build | Farm |
| 20:46 | Build | Farm |
| 20:46 | Build | Farm |
| 20:46 | Build | Farm |
| 20:46 | Build | Farm |
| 20:47 | Build | Farm |
| 20:56 | Create | Militia ×5 |
| 20:56 | Create | Militia |
| 22:22 | Create | Villager (Male) |
| 22:23 | Create | Villager (Male) |
| 22:23 | Create | Villager (Male) |
| 22:23 | Create | Villager (Male) |
| 22:23 | Create | Villager (Male) |
| 22:24 | Create | Villager (Male) |
| 22:24 | Create | Villager (Male) |
| 22:37 | Research | Wheelbarrow |
| 22:40 | Research | Double-Bit Axe |
| 23:15 | Build | Watch Tower |
| 24:25 | Build | Farm |
| 24:25 | Build | Farm |
| 24:25 | Build | Farm |
| 24:25 | Build | Farm |
| 24:25 | Build | Farm |
| 24:25 | Build | Farm |
| 24:25 | Build | Farm |
| 24:25 | Build | Farm |
Build order — Raya Loka
First 150 of 176 actions detected
| 0:05 | Build | House |
| 0:08 | Build | House |
| 0:10 | Create | Villager (Male) |
| 0:43 | Create | Villager (Male) |
| 1:06 | Create | Villager (Male) |
| 1:12 | Create | Villager (Male) |
| 1:41 | Build | Lumber Camp |
| 2:01 | Create | Villager (Male) |
| 2:36 | Create | Villager (Male) |
| 2:41 | Build | House |
| 2:42 | Build | House |
| 2:44 | Create | Villager (Male) |
| 3:10 | Create | Villager (Male) |
| 4:07 | Create | Villager (Male) |
| 4:39 | Build | Mill |
| 4:58 | Create | Villager (Male) |
| 5:00 | Create | Villager (Male) |
| 5:41 | Create | Villager (Male) |
| 6:11 | Build | Farm |
| 6:12 | Create | Villager (Male) |
| 6:47 | Build | Lumber Camp |
| 6:50 | Create | Villager (Male) |
| 6:57 | Create | Villager (Male) |
| 7:38 | Create | Villager (Male) |
| 8:09 | Create | Villager (Male) |
| 8:29 | Create | Villager (Male) |
| 8:52 | Research | Loom |
| 9:05 | Build | Mining Camp |
| 9:23 | Create | Villager (Male) |
| 9:56 | Research | Feudal Age |
| 10:11 | Create | Villager (Male) |
| 10:11 | Create | Villager (Male) |
| 10:17 | Build | Farm |
| 10:33 | Build | Barracks |
| 11:07 | Create | Villager (Male) |
| 11:13 | Build | Farm |
| 11:19 | Build | Farm |
| 12:14 | Build | Archery Range |
| 12:27 | Research | Double-Bit Axe |
| 12:53 | Create | Villager (Male) |
| 13:03 | Research | Horse Collar |
| 13:21 | Create | Archer |
| 13:22 | Create | Archer |
| 13:34 | Build | Dock |
| 13:41 | Create | Militia |
| 13:41 | Create | Militia |
| 13:46 | Create | Villager (Male) |
| 13:53 | Build | House |
| 14:35 | Create | Villager (Male) |
| 14:40 | Build | House |
| 14:41 | Create | Archer |
| 14:51 | Create | Fishing Ship |
| 14:52 | Create | Fishing Ship |
| 14:57 | Build | House |
| 15:10 | Create | Villager (Male) |
| 15:18 | Build | Farm |
| 15:21 | Build | Farm |
| 15:33 | Build | House |
| 15:37 | Create | Fishing Ship |
| 15:47 | Create | Villager (Male) |
| 15:52 | Build | House |
| 15:52 | Build | House |
| 15:57 | Create | Militia |
| 15:59 | Create | Militia |
| 16:07 | Create | Archer |
| 16:07 | Create | Archer |
| 16:11 | Create | Villager (Male) |
| 16:21 | Build | Farm |
| 16:39 | Create | Villager (Male) |
| 16:40 | Create | Villager (Male) |
| 16:51 | Build | Farm |
| 16:55 | Build | Farm |
| 16:58 | Create | Villager (Male) |
| 17:10 | Build | Blacksmith |
| 17:14 | Build | Farm |
| 17:35 | Create | Villager (Male) |
| 17:38 | Build | Farm |
| 17:49 | Create | Villager (Male) |
| 18:01 | Build | Farm |
| 18:02 | Create | Villager (Male) |
| 18:24 | Build | Dock |
| 18:26 | Create | Fishing Ship |
| 18:26 | Create | Fishing Ship |
| 18:51 | Create | Villager (Male) |
| 19:07 | Build | Market |
| 19:11 | Create | Fishing Ship |
| 19:11 | Create | Fishing Ship |
| 19:20 | Build | House |
| 20:12 | Research | Castle Age |
| 20:29 | Create | Fishing Ship |
| 20:30 | Create | Fishing Ship |
| 20:30 | Create | Fishing Ship |
| 20:32 | Create | Fishing Ship |
| 20:32 | Create | Fishing Ship |
| 20:37 | Build | House |
| 20:39 | Build | House |
| 20:42 | Build | House |
| 21:40 | Create | Villager (Male) |
| 22:57 | Create | Villager (Male) |
| 23:02 | Research | Fletching |
| 23:05 | Research | Crossbowman (upgrade) |
| 24:08 | Create | Villager (Male) |
| 24:08 | Create | Villager (Male) |
| 24:09 | Create | Villager (Male) |
| 24:14 | Build | House |
| 24:18 | Research | Padded Archer Armor |
| 24:18 | Research | Bodkin Arrow |
| 24:29 | Create | Villager (Male) |
| 24:43 | Create | Villager (Male) |
| 24:43 | Create | Villager (Male) |
| 25:30 | Create | Villager (Male) |
| 25:31 | Create | Villager (Male) |
| 25:40 | Build | Mining Camp |
| 25:42 | Create | Villager (Male) |
| 25:42 | Create | Villager (Male) |
| 26:41 | Build | Watch Tower |
| 26:47 | Create | Galley |
| 26:47 | Create | Galley |
| 27:06 | Build | Town Center |
| 27:07 | Create | Villager (Male) |
| 27:35 | Create | Archer |
| 27:35 | Create | Archer |
| 28:06 | Build | University |
| 28:08 | Create | Villager (Male) |
| 28:28 | Create | Villager (Male) |
| 28:42 | Create | Fishing Ship |
| 28:47 | Create | Galley |
| 28:49 | Create | Galley |
| 28:54 | Create | Galley |
| 28:54 | Create | Galley |
| 28:55 | Create | Galley |
| 28:59 | Create | Archer |
| 29:00 | Create | Archer |
| 29:06 | Research | Ballistics |
| 29:51 | Research | War Galley (upgrade) |
| 30:15 | Create | Villager (Male) |
| 30:15 | Create | Villager (Male) |
| 30:18 | Create | Villager (Male) |
| 30:18 | Create | Villager (Male) |
| 30:26 | Build | House |
| 30:27 | Build | House |
| 30:28 | Build | House |
| 30:30 | Build | House |
| 30:32 | Create | Villager (Male) |
| 30:37 | Create | Villager (Male) |
| 31:28 | Build | Castle |
| 31:55 | Create | Archer |
| 31:56 | Create | Archer |
| 32:53 | Create | Villager (Male) |
| 32:53 | Create | Villager (Male) |
Build order — Aaron MMIV
First 150 of 324 actions detected
| 0:06 | Build | House |
| 0:08 | Build | House |
| 0:11 | Create | Villager (Male) |
| 0:11 | Create | Villager (Male) |
| 0:12 | Create | Villager (Male) |
| 0:13 | Create | Villager (Male) |
| 2:23 | Create | Villager (Male) |
| 2:26 | Create | Villager (Male) |
| 2:51 | Create | Villager (Male) |
| 3:31 | Create | Villager (Male) |
| 5:03 | Research | Loom |
| 5:05 | Create | Villager (Male) |
| 6:24 | Create | Villager (Male) |
| 6:52 | Create | Villager (Male) |
| 7:15 | Build | Mill |
| 8:03 | Create | Villager (Male) |
| 8:30 | Create | Villager (Male) |
| 8:51 | Build | Lumber Camp |
| 9:04 | Create | Villager (Male) |
| 10:15 | Build | House |
| 10:19 | Build | House |
| 10:30 | Research | Feudal Age |
| 10:39 | Build | House |
| 10:42 | Build | House |
| 10:45 | Build | House |
| 10:49 | Build | House |
| 10:55 | Create | Villager (Male) |
| 11:16 | Build | Dock |
| 12:33 | Create | Fishing Ship |
| 12:34 | Create | Fishing Ship |
| 12:53 | Create | Galley |
| 13:35 | Create | Villager (Male) |
| 14:16 | Build | Barracks |
| 14:29 | Create | Villager (Male) |
| 14:52 | Build | Mining Camp |
| 14:54 | Build | Farm |
| 14:54 | Build | Farm |
| 14:54 | Build | Farm |
| 15:11 | Create | Villager (Male) |
| 15:13 | Build | Farm |
| 15:13 | Build | Farm |
| 15:13 | Build | Farm |
| 15:13 | Build | Farm |
| 15:13 | Build | Farm |
| 15:13 | Build | Farm |
| 15:13 | Build | Farm |
| 15:22 | Create | Villager (Male) |
| 16:00 | Build | Mining Camp |
| 16:36 | Build | Farm |
| 16:36 | Build | Farm |
| 16:36 | Build | Farm |
| 16:36 | Build | Farm |
| 16:36 | Build | Farm |
| 16:36 | Build | Farm |
| 16:36 | Build | Farm |
| 16:36 | Build | Farm |
| 16:36 | Build | Farm |
| 16:40 | Research | Man-at-Arms (upgrade) |
| 17:20 | Create | Villager (Male) |
| 17:25 | Create | Militia |
| 17:25 | Create | Militia |
| 17:46 | Build | Farm |
| 17:46 | Build | Farm |
| 17:46 | Build | Farm |
| 17:46 | Build | Farm |
| 17:46 | Build | Farm |
| 17:46 | Build | Farm |
| 17:46 | Build | Farm |
| 17:46 | Build | Farm |
| 17:46 | Build | Farm |
| 17:48 | Build | Market |
| 17:50 | Create | Villager (Male) |
| 18:11 | Create | Villager (Male) |
| 18:16 | Build | Farm |
| 18:32 | Build | Farm |
| 18:32 | Build | Farm |
| 18:32 | Build | Farm |
| 18:32 | Build | Farm |
| 18:32 | Build | Farm |
| 18:32 | Build | Farm |
| 18:32 | Build | Farm |
| 18:32 | Build | Farm |
| 18:41 | Build | Farm |
| 18:41 | Build | Farm |
| 18:41 | Build | Farm |
| 18:41 | Build | Farm |
| 18:41 | Build | Farm |
| 18:41 | Build | Farm |
| 18:50 | Create | Villager (Male) |
| 19:15 | Build | Farm |
| 19:15 | Build | Farm |
| 19:15 | Build | Farm |
| 19:15 | Build | Farm |
| 19:15 | Build | Farm |
| 19:22 | Create | Villager (Male) |
| 19:47 | Build | Farm |
| 19:47 | Build | Farm |
| 19:48 | Build | Farm |
| 19:48 | Build | Farm |
| 19:48 | Build | Farm |
| 19:48 | Build | Farm |
| 20:20 | Build | Stable |
| 20:46 | Research | Town Watch |
| 21:15 | Build | Farm |
| 22:01 | Create | Villager (Male) |
| 22:06 | Create | Villager (Male) |
| 22:17 | Build | Blacksmith |
| 22:20 | Research | Castle Age |
| 22:27 | Create | Villager (Male) |
| 22:28 | Create | Villager (Male) |
| 22:28 | Create | Villager (Male) |
| 22:41 | Create | Militia |
| 22:41 | Create | Militia |
| 23:10 | Build | Farm |
| 23:10 | Build | Farm |
| 23:10 | Build | Farm |
| 23:10 | Build | Farm |
| 23:10 | Build | Farm |
| 23:10 | Build | Farm |
| 23:10 | Build | Farm |
| 23:10 | Build | Farm |
| 23:10 | Build | Farm |
| 23:43 | Build | Lumber Camp |
| 24:03 | Research | Forging |
| 24:18 | Create | Transport Ship |
| 24:50 | Build | Farm |
| 24:50 | Build | Farm |
| 24:50 | Build | Farm |
| 24:50 | Build | Farm |
| 24:50 | Build | Farm |
| 24:50 | Build | Farm |
| 24:50 | Build | Farm |
| 24:50 | Build | Farm |
| 24:50 | Build | Farm |
| 24:50 | Build | Farm |
| 24:50 | Build | Farm |
| 24:50 | Build | Farm |
| 24:57 | Build | Farm |
| 24:57 | Build | Farm |
| 24:57 | Build | Farm |
| 24:57 | Build | Farm |
| 24:57 | Build | Farm |
| 24:57 | Build | Farm |
| 25:31 | Build | Farm |
| 25:31 | Build | Farm |
| 25:56 | Build | Farm |
| 26:09 | Build | Farm |
| 26:09 | Build | Farm |
| 26:09 | Build | Farm |
| 26:09 | Build | Farm |
Build order — @_gatilho
First 150 of 194 actions detected
| 0:20 | Create | Villager (Male) |
| 0:20 | Create | Villager (Male) |
| 0:20 | Create | Villager (Male) |
| 0:20 | Create | Villager (Male) |
| 0:21 | Create | Villager (Male) |
| 2:35 | Build | Dock |
| 2:55 | Build | House |
| 3:22 | Create | Villager (Male) |
| 3:23 | Create | Villager (Male) |
| 3:39 | Build | House |
| 3:49 | Create | Fishing Ship |
| 4:04 | Create | Villager (Male) |
| 4:34 | Create | Villager (Male) |
| 4:50 | Create | Fishing Ship |
| 5:35 | Create | Villager (Male) |
| 5:36 | Create | Villager (Male) |
| 5:42 | Create | Villager (Male) |
| 5:52 | Build | Mill |
| 6:36 | Build | House |
| 6:41 | Build | House |
| 7:12 | Build | Lumber Camp |
| 8:14 | Create | Fishing Ship |
| 8:30 | Create | Villager (Male) |
| 8:31 | Create | Villager (Male) |
| 8:31 | Create | Villager (Male) |
| 8:31 | Create | Villager (Male) |
| 8:31 | Create | Villager (Male) |
| 8:32 | Create | Villager (Male) |
| 8:32 | Create | Villager (Male) |
| 8:44 | Build | House |
| 8:49 | Build | House |
| 8:53 | Build | House |
| 9:00 | Build | House |
| 9:23 | Build | Mining Camp |
| 9:50 | Create | Fishing Ship |
| 10:13 | Create | Villager (Male) |
| 10:13 | Create | Villager (Male) |
| 10:13 | Create | Villager (Male) |
| 10:14 | Create | Villager (Male) |
| 10:19 | Create | Villager (Male) |
| 13:15 | Build | Mining Camp |
| 13:25 | Build | House |
| 13:35 | Build | House |
| 13:40 | Build | House |
| 13:46 | Research | Feudal Age |
| 14:26 | Create | Transport Ship |
| 15:02 | Build | House |
| 15:07 | Build | House |
| 15:11 | Build | House |
| 15:49 | Create | Villager (Male) |
| 15:50 | Create | Villager (Male) |
| 15:50 | Create | Villager (Male) |
| 15:51 | Create | Villager (Male) |
| 15:51 | Create | Villager (Male) |
| 15:51 | Create | Villager (Male) |
| 15:52 | Create | Villager (Male) |
| 15:52 | Create | Villager (Male) |
| 15:52 | Create | Villager (Male) |
| 16:07 | Create | Fire Galley |
| 16:07 | Create | Fire Galley |
| 16:08 | Create | Fire Galley |
| 16:08 | Create | Fire Galley |
| 16:08 | Create | Fire Galley |
| 16:09 | Create | Fire Galley |
| 16:09 | Create | Fire Galley |
| 16:09 | Create | Fire Galley |
| 16:10 | Create | Fire Galley |
| 16:10 | Create | Fire Galley |
| 16:10 | Create | Fire Galley |
| 16:10 | Create | Fire Galley |
| 16:11 | Create | Fire Galley |
| 16:11 | Create | Fire Galley |
| 16:35 | Research | Double-Bit Axe |
| 17:49 | Build | Blacksmith |
| 17:54 | Build | Market |
| 18:05 | Create | Fire Galley |
| 19:23 | Build | Watch Tower |
| 19:43 | Build | Watch Tower |
| 19:57 | Build | Farm |
| 20:01 | Build | Farm |
| 20:04 | Research | Horse Collar |
| 20:21 | Create | Fire Galley |
| 20:22 | Create | Fire Galley |
| 20:22 | Create | Fire Galley |
| 20:23 | Create | Fire Galley |
| 20:50 | Build | Farm |
| 20:54 | Build | Farm |
| 21:00 | Build | Farm |
| 22:08 | Build | Barracks |
| 23:28 | Research | Castle Age |
| 23:28 | Research | Castle Age |
| 24:11 | Build | Stable |
| 24:16 | Build | Archery Range |
| 25:57 | Create | Villager (Male) |
| 25:58 | Create | Villager (Male) |
| 25:58 | Create | Villager (Male) |
| 25:59 | Create | Villager (Male) |
| 25:59 | Create | Villager (Male) |
| 25:59 | Create | Villager (Male) |
| 26:54 | Create | Caravel |
| 26:55 | Create | Caravel |
| 26:56 | Create | Caravel |
| 26:56 | Create | Caravel |
| 26:56 | Create | Caravel |
| 27:18 | Build | Dock |
| 27:27 | Build | Farm |
| 27:32 | Build | Farm |
| 28:01 | Create | Unit 2626 |
| 28:02 | Create | Unit 2626 |
| 28:02 | Create | Unit 2626 |
| 28:03 | Create | Unit 2626 |
| 28:03 | Create | Unit 2626 |
| 28:03 | Create | Unit 2626 |
| 28:03 | Create | Unit 2626 |
| 28:36 | Build | Dock |
| 28:47 | Build | Farm |
| 29:26 | Create | Unit 2626 |
| 30:20 | Build | Dock |
| 32:30 | Build | Lumber Camp |
| 33:28 | Build | Lumber Camp |
| 33:39 | Create | Villager (Male) |
| 33:39 | Create | Villager (Male) |
| 33:40 | Create | Villager (Male) |
| 33:40 | Create | Villager (Male) |
| 33:41 | Create | Villager (Male) |
| 33:41 | Create | Villager (Male) |
| 33:41 | Create | Villager (Male) |
| 33:41 | Create | Villager (Male) |
| 33:42 | Create | Villager (Male) |
| 33:42 | Create | Villager (Male) |
| 33:42 | Create | Villager (Male) |
| 33:43 | Create | Villager (Male) |
| 36:14 | Create | Fire Galley |
| 36:15 | Create | Fire Galley |
| 36:15 | Create | Fire Galley |
| 36:15 | Create | Fire Galley |
| 36:16 | Create | Fire Galley |
| 36:16 | Create | Fire Galley |
| 36:16 | Create | Fire Galley |
| 36:17 | Create | Fire Galley |
| 36:17 | Create | Fire Galley |
| 36:17 | Create | Fire Galley |
| 36:17 | Create | Fire Galley |
| 36:18 | Create | Fire Galley |
| 36:18 | Create | Fire Galley |
| 36:18 | Create | Fire Galley |
| 36:19 | Create | Fire Galley |
| 36:19 | Create | Fire Galley |
| 37:00 | Build | Mining Camp |
| 38:17 | Create | Fishing Ship |
Build order — 再染006
0 actions detected in the replay
Match timeline
| 2:07 | ッ · first_building Dock |
| 2:35 | @_gatilho · first_building Dock |
| 6:42 | HollowNyx · first_building Dock |
| 7:32 | Lukrat · first_building Barracks |
| 10:33 | Raya Loka · first_building Barracks |
| 11:16 | Aaron MMIV · first_building Dock |
| 12:14 | Raya Loka · first_building Archery Range |
| 13:34 | Raya Loka · first_building Dock |
| 13:56 | Ziggyman321 · first_building Barracks |
| 14:11 | HollowNyx · first_building Barracks |
| 14:16 | Aaron MMIV · first_building Barracks |
| 14:38 | Lukrat · first_building Archery Range |
| 20:20 | Aaron MMIV · first_building Stable |
| 22:08 | @_gatilho · first_building Barracks |
| 22:59 | ッ · first_building Barracks |
| 23:05 | Ziggyman321 · first_market_buy 100 stone |
| 23:24 | ッ · first_building Monastery |
| 24:11 | @_gatilho · first_building Stable |
| 24:16 | @_gatilho · first_building Archery Range |
| 24:41 | Lukrat · first_market_sell 100 wood |
| 24:42 | Lukrat · first_market_buy 100 food |
| 25:39 | ッ · first_building Archery Range |
| 25:51 | Ziggyman321 · first_market_sell 500 wood |
| 26:18 | HollowNyx · first_building Archery Range |
| 26:57 | Ziggyman321 · first_building Dock |
| 27:45 | ッ · first_building Stable |
| 28:50 | Lukrat · first_building Dock |
| 29:07 | Aaron MMIV · first_building Siege Workshop |
| 29:25 | Aaron MMIV · first_market_sell 100 food |
| 29:38 | Aaron MMIV · first_building Monastery |
| 30:33 | Lukrat · first_building Castle |
| 31:28 | Raya Loka · first_building Castle |
| 31:59 | ッ · first_building Siege Workshop |
| 32:46 | Ziggyman321 · first_building Castle |
| 33:04 | ッ · first_building Castle |
| 37:36 | Raya Loka · resign |
| 38:41 | Ziggyman321 · first_building Siege Workshop |
| 41:12 | HollowNyx · first_market_buy 100 stone |
| 41:33 | HollowNyx · first_market_sell 100 food |
| 41:43 | HollowNyx · first_building Castle |
| 43:31 | Aaron MMIV · first_market_buy 100 wood |
| 51:03 | ッ · tribute_sent a jugador 2 |
| 51:03 | ッ · tribute_sent a jugador 3 |
| 51:03 | ッ · tribute_sent a jugador 4 |
| 51:03 | ッ · tribute_sent a jugador 5 |
| 51:03 | ッ · tribute_sent a jugador 6 |
| 51:03 | ッ · tribute_sent a jugador 7 |
| 51:03 | ッ · tribute_sent a jugador 8 |
| 51:48 | Aaron MMIV · first_building Castle |
[ AI ANALYSIS · 1 CREDIT ]
What really happened in this match?
Wolo.gg analyzes every decision: build order, eco, micro, common mistakes by bracket. Personalized analysis on WhatsApp or Discord in 30 seconds.
Civ guide
Malay
Map guide
Northern Isles
Perfil
Lukrat